 Dungeon Crawl Stone Soup version 0.22.1-1-ga44c0e5 (webtiles) character file.

1912 FrozenPanda the Twirler (level 9, -15/54 HPs)
             Began as a Gargoyle Gladiator on Sept 22, 2018.
             Demolished by an orc warrior
             ... wielding a +0 dire flail
              (18 damage)
             ... on level 6 of the Dungeon.
             The game lasted 00:09:50 (8566 turns).

FrozenPanda the Twirler (Gargoyle Gladiator)        Turns: 8566, Time: 00:09:51

Health: -15/54     AC: 19    Str: 18    XL:     9   Next: 16%
Magic:  18/18      EV: 12    Int: 11    God:
Gold:   253        SH:  0    Dex: 10    Spells: 8/8 levels left

rFire    . . .     SeeInvis .   a - +0 quarterstaff
rCold    . . .     Gourm    .   (shield currently unavailable)
rNeg     + + .     Faith    .   m - quicksilver dragon scales
rPois    ∞         Spirit   .   c - +0 helmet
rElec    +         Reflect  .   (no cloak)
rCorr    .         Harm     .   (no gloves)
MR       +....                  e - +0 pair of boots
Stlth    ++........             (no amulet)
HPRegen  0.18/turn              k - ring of positive energy
MPRegen  0.16/turn              t - ring of magical power

@: no status effects
A: hooves 1, blurry vision 1, clumsy 1, negative energy resistance 1,
electricity resistance, unbreathing, petrification resistance, rot immunity, AC
+6
a: no special abilities


You were on level 6 of the Dungeon.
You were not hungry.

You visited 1 branch of the dungeon, and saw 6 of its levels.
You also visited: Sewer.

You collected 253 gold pieces.

Inventory:

Hand Weapons
 a - a +0 quarterstaff (weapon)
 q - a +1 short sword of venom
Missiles
 d - 3 throwing nets (quivered)
 g - 124 stones
 p - 52 bolts
 v - 71 arrows
 z - 13 poisoned needles
 G - 11 sling bullets
Armour
 c - a +0 helmet (worn)
 e - a +0 pair of boots (worn)
 m - quicksilver dragon scales (worn)
Jewellery
 k - a ring of positive energy (left hand)
 t - a ring of magical power (right hand)
Wands
 j - a wand of scattershot (1)
 s - a wand of polymorph (28)
 y - a wand of flame (29)
 B - a wand of random effects (32)
Scrolls
 b - a scroll of enchant armour {unknown}
 h - 7 scrolls of identify {unknown}
 i - 3 scrolls of teleportation
 l - 5 scrolls of remove curse
 r - 2 scrolls of enchant weapon {unknown}
 u - a scroll of magic mapping {unknown}
 w - 2 scrolls of blinking {unknown}
 A - 2 scrolls of immolation {unknown}
 C - a scroll of amnesia {unknown}
Potions
 n - a potion of agility
Comestibles
 f - 6 rations


   Skills:
 + Level 5.5 Fighting
 + Level 5.6 Staves
 + Level 4.6 Throwing
 + Level 4.8 Armour
 + Level 4.6 Dodging
 + Level 5.4 Stealth


You had 8 spell levels left.
You didn't know any spells.
Your spell library contained the following spells:

 Spells                   Type           Power        Failure   Level  Hunger
 Corona                   Hex            #......      52%         1    ##.....
 Ensorcelled Hibernation  Hex/Ice        #.....       65%         2    ###....
 Confuse                  Hex            #.......     87%         3    ####...
 Dazzling Spray           Conj/Hex       #.....       87%         3    ####...
 Tukima's Dance           Hex            #.......     87%         3    ####...


Dungeon Overview and Level Annotations

Branches:
Dungeon (6/15)
 Temple: D:4-7

Altars:
Ashenzari
Elyvilon
Ru
Sif Muna
Trog
Uskayaw
Wu Jian
Yredelemnul

Shops:
D:5 :

Annotations:
D:3 4 runed doors, CasualChangeling's ghost, amateur DrMo


Innate Abilities, Weirdness & Mutations

You are resistant to torment.
Your stone body is resilient. (AC +6)
You are immune to poison.
You resist negative energy. (rN+)
You are resistant to electric shocks. (rElec)
You can survive without breathing.
You are immune to petrification.
You are immune to rotting.
You have large cloven feet.
Scrolls take you a little longer to read.
You are clumsy. (Dex -2)


Message History

Evoke which item? (* to show all) (? for menu, Esc to quit)
Aiming: Scattershot
Press: ? - help, Shift-Dir - straight line The burst of metal fragments hits the orc wizard. x2
The burst of metal fragments hits the orc warrior. x2
The orc warrior is severely wounded.
The orc wizard is severely wounded.
The orc warrior hits you but does no damage.
Evoke which item? (* to show all) (? for menu, Esc to quit)
Aiming: Scattershot
Press: ? - help, Shift-Dir - straight line, f - orc priest
Aim: an orc priest, wearing a ring mail The burst of metal fragments hits the orc warrior. x2
The burst of metal fragments hits the orc wizard.
You kill the orc wizard!
The burst of metal fragments hits the orc warrior.
The orc warrior is almost dead.
The orc priest calls down the wrath of Beogh upon you.
Beogh smites you!
The orc warrior hits you with a dire flail!!
You die...

#######.#####
............#
#.#####...#.#
.#.####.#.#.##
###.....#....#
###
.#.####.##.#.#
#.. #.##
#.##...###.#
###
#.##....##.#
#.##....##@#
.........#o#
#.###..o.#)# #
###....#g#
........o.#
...#....gg#
.#.#..#.).# #
#....%...
...>....###


You could see an orc warrior, an orc priest and 3 gnolls.

Vanquished Creatures
  A troll (D:5)
  A porcupine (D:4)
  An ice beast (D:5)
  2 ogres
  5 big kobolds (Sewer)
  A scorpion (D:5)
  5 killer bees (D:5)
  A bullfrog zombie (D:5)
  2 crimson imps (D:5)
  2 jellies
  An orc priest (D:5)
  2 orc wizards
  2 iguanas
  2 worker ants
  2 worker ant zombies (D:5)
  3 river rats
  11 adders
  2 shadow imps
  8 oozes
  An adder skeleton (D:5)
  11 worms
  A dart slug (D:3)
  8 leopard geckos
  10 orcs
  6 bats
  4 giant cockroaches
  5 goblins
  7 hobgoblins
  15 jackals
  4 quokkas
  4 ball pythons
  6 frilled lizards
  A giant cockroach zombie (D:6)
  15 kobolds
  22 rats
174 creatures vanquished.

Notes
Turn   | Place    | Note
-------+----------+-------------------------------------------
     0 | D:1      | FrozenPanda the Gargoyle Gladiator began the quest for the
                  | Orb.
     0 | D:1      | Reached XP level 1. HP: 12/12 MP: 1/1
   144 | D:1      | Reached XP level 2. HP: 18/18 MP: 2/2
   610 | D:1      | Reached XP level 3. HP: 21/22 MP: 3/3
   669 | D:1      | Reached skill level 1 in Stealth
  1130 | D:2      | Reached skill level 1 in Armour
  1343 | D:2      | Reached XP level 4. HP: 22/27 MP: 4/4
  1446 | D:2      | Found a basalt altar of Yredelemnul.
  1942 | D:2      | Found a white marble altar of Elyvilon.
  2207 | D:3      | Found a runed gate.
  2207 | D:3      | Found a runed gate.
  2207 | D:3      | Found a runed gate.
  2212 | D:3      | Noticed CasualChangeling's ghost (amateur DrMo)
  2274 | D:3      | Reached XP level 5. HP: 15/32 MP: 5/5
  2380 | D:3      | Found a glowing drain.
  2508 | Sewer    | Entered a sewer
  2632 | Sewer    | Noticed a big kobold
  2648 | Sewer    | Killed a big kobold
  2648 | Sewer    | Reached XP level 6. HP: 37/37 MP: 6/6
  3325 | Sewer    | Reached XP level 7. HP: 32/42 MP: 7/7
  3975 | D:3      | Found a bloodstained altar of Trog.
  4656 | D:3      | Found a runed door.
  4961 | D:4      | Noticed Sigmund
  4974 | D:4      | Noticed Sigmund
  4974 | D:4      | Sigmund changed into Sigmund the porcupine
  4989 | D:4      | Killed Sigmund the porcupine
  5642 | D:4      | Reached XP level 8. HP: 21/48 MP: 8/8
  5850 | D:4      | Found a hide-covered altar of Uskayaw.
  5869 | D:4      | Found an ornate altar of the Wu Jian Council.
  5960 | D:4      | Found a shattered altar of Ashenzari.
  5963 | D:4      | Found a sacrificial altar of Ru.
  6336 | D:5      | Entered Level 5 of the Dungeon
  6337 | D:5      | Found Unkiloof's Book Boutique.
  6669 | D:5      | Reached skill level 5 in Staves
  7269 | D:5      | Reached skill level 5 in Fighting
  7445 | D:5      | Noticed a troll
  7454 | D:5      | Gained mutation: Scrolls take you a little longer to read.
                  | [potion of mutation]
  7454 | D:5      | Gained mutation: You are clumsy. (Dex -2) [potion of
                  | mutation]
  7454 | D:5      | Gained mutation: You have large cloven feet. [potion of
                  | mutation]
  7458 | D:5      | Killed a troll
  7458 | D:5      | Reached skill level 5 in Stealth
  7729 | D:5      | Reached XP level 9. HP: 28/54 MP: 9/9
  8063 | D:5      | Found a deep blue altar of Sif Muna.
  8566 | D:6      | Demolished by an orc warrior

Skill      XL: |  1  2  3  4  5  6  7  8 |
---------------+-------------------------+-----
Throwing       | 2 3 4 |  4.6
Stealth        | 1 2 3 4 5 |  5.4
Armour         | 1 2 3 4 |  4.8
Fighting       | 3 4 5 |  5.5
Dodging        | 3 4 |  4.6
Staves         | 4 5 |  5.6

Action                   |  1- 3 |  4- 6 |  7- 9 || total
-------------------------+-------+-------+-------++-------
Melee: Quarterstaff      |   108 |   193 |   456 ||   757
       Short sword       |    29 |    51 |       ||    80
Evoke: Wand              |       |       |     9 ||     9
  Use: Potion            |       |       |     9 ||     9
       Scroll            |       |       |     2 ||     2
 Stab: Sleeping          |       |       |     3 ||     3
       Invisible         |       |       |     1 ||     1
  Eat: Chunk             |     1 |     8 |    13 ||    22
       Ration            |       |       |     1 ||     1
Armor: Leather armour    |    13 |       |       ||    13
       Ring mail         |    47 |   114 |    37 ||   198
       Scale mail        |       |       |    66 ||    66
       Chain mail        |       |       |   142 ||   142
       Quicksilver drago |       |       |    21 ||    21
Dodge: Dodged            |    94 |   161 |   249 ||   504
